 Dungeon Crawl Stone Soup version 0.27.1-33-g824d729ab1 (webtiles) character file.

Game seed: 16609667246459358437

2 zeram the Caller (level 1, 0/10 HPs)
             Began as a Deep Elf Summoner on Dec 14, 2021.
             Slain by a dart slug (2 damage)
             ... on level 1 of the Dungeon.
             The game lasted 00:00:26 (82 turns).

zeram the Caller (Deep Elf Summoner)                  Turns: 82, Time: 00:00:27

Health: 0/10       AC:  2    Str:  5    XL:     1   Next: 25%
Magic:  5/6        EV: 12    Int: 19    God:
Gold:   8          SH:  0    Dex: 15    Spells: 5/6 levels left

rFire    . . .     SeeInvis .   (no weapon)
rCold    . . .     Faith    .   (no shield)
rNeg     . . .     Spirit   .   a - +0 robe
rPois    .         Reflect  .   (no helmet)
rElec    .         Harm     .   (no cloak)
rCorr    .         Rampage  .   (no gloves)
Will     .....                  (no boots)
Stlth    ++........             (no amulet)
HPRegen  0.03/turn              (no ring)
MPRegen  0.10/turn              (no ring)

@: no status effects
A: no striking features
a: no special abilities


You were on level 1 of the Dungeon.
You visited 1 branch of the dungeon, and saw 1 of its levels.

You collected 8 gold pieces.

Inventory:

Armour
 a - a +0 robe (worn)


   Skills:
 - Level 2.4 Dodging
 - Level 2.4 Stealth
 + Level 3.0 Spellcasting
 + Level 4.5 Summonings


You had 5 spell levels left.
You knew the following spells:

 Your Spells              Type           Power      Damage    Failure   Level
a - Summon Small Mammal   Summ           80%        N/A       2%          1

Your spell library contained the following spells:

 Spells                   Type           Power      Damage    Failure   Level
 Call Imp                 Summ           20%        N/A       3%          2
 Call Canine Familiar     Summ           20%        N/A       7%          3
 Summon Guardian Golem    Hex/Summ       11%        N/A       19%         3
 Summon Lightning Spire   Summ/Air       11%        N/A       52%         4


Dungeon Overview and Level Annotations

Branches:
Dungeon (1/15)

Altars:


Message History

The bat closely misses you. The bat hits you but does no damage.
The dart slug closely misses your rat.
Your rat bites the kobold.
You closely miss the bat. The bat closely misses you.
Your quokka bites the bat.
The bat dies!
Unknown command.
You hit the kobold but do no damage.
The kobold is severely wounded.
The bat closely misses you. x2; Your quokka closely misses the bat.
The kobold hits you with a +0 dagger.
Your rat closely misses the kobold.
Unknown command.
You closely miss the kobold.
The kobold is moderately wounded.
The bat barely misses you. The kobold closely misses you.
Your rat barely misses the kobold.
Unknown command.
You hit the kobold but do no damage.
The kobold is moderately wounded.
The bat hits your quokka but does no damage.
Your quokka closely misses the kobold.
The kobold barely misses you.
Your rat closely misses the kobold.
Unknown command.
You hit the kobold.
The kobold is severely wounded.
The bat misses your quokka.
Your quokka bites the kobold.
The kobold dies!
Unknown command.
You swap places.
The bat hits your rat.
Your quokka misses the bat. The dart slug barely misses you.
Your quokka barely misses the bat.
Things that are here:
a +0 dagger; 2 stones You hit the dart slug but do no damage.
The bat hits your quokka.
The bat closely misses your quokka. x2; Your quokka bites the bat.
The bat dies!
The dart slug bites you.
* * * LOW HITPOINT WARNING * * *
Unknown command.
You barely miss the dart slug.
Your quokka bites the dart slug.
The dart slug bites you.
You die...

##.<.##.##..##
#.#...#.##..##
..#.#...#.#..##
#.#.#...#.#.##
#.#.#...#.#.#
#.#.#...#.#.#
#.#.#...#.#.#
#.#.#...#.#.#
#####.#@#.†.#.#.#
#......wrr..#...#
#......####.##.##
#......# #..#.#
#......# ##.#.#
#......# #...#
######## ##..####
#.....# #..##.#


You could see a dart slug (ally target), a friendly quokka (summoned) and a
friendly rat (summoned).

Vanquished Creatures (collateral kills)
  2 bats (D:1)
  A kobold (D:1)
3 creatures vanquished.

Notes
Turn   | Place    | Note
-------+----------+-------------------------------------------
     0 | D:1      | zeram the Deep Elf Summoner began the quest for the Orb.
     0 | D:1      | Reached XP level 1. HP: 10/10 MP: 6/6
    82 | D:1      | Slain by a dart slug

Illustrated notes

Levels and vault maps discovered:
D:1:      psy_arrival_spokes, layout_basic, serial_shops, nicolae_diamond_shop,
          nicolae_shop_behind_doors, shop, shop

Action                   || total
-------------------------++-------
Melee: Unarmed           ||     9
 Cast: Summon Small Mamm ||     2
Armor: Robe              ||     4
Dodge: Dodged            ||    17
